Anaheim Ducks vs Los Angeles Kings
Created - Sunday, May 5, 2024 at 08:10
Goals
|
| Anaheim Ducks |
4 |
2 |
0 |
6 |
| Los Angeles Kings |
0 |
0 |
1 |
1 |
|
Shots
|
| Anaheim Ducks |
17 |
12 |
10 |
39 |
| Los Angeles Kings |
4 |
9 |
11 |
24 |
|
1st period
1. Anaheim Ducks , Max Domi 13 (Morgan Rielly 19, J.T. Compher 15) at 12:09
2. Anaheim Ducks , William Nylander 36 (John Tavares 50) at 12:19
3. Anaheim Ducks , Teuvo Teravainen 11 (J.T. Compher 16, Nazem Kadri 13) at 14:57
4. Anaheim Ducks , Brayden Schenn 15 (Chandler Stephenson 23, Alex Killorn 15) at 18:16 (PP)
Penalties :
Joshua Brown (LAK) for Hooking (Minor) at 12:22, Ryan Reaves (LAK) for High sticking (Minor) at 18:00, Alexander Romanov (LAK) for Fighting (Major) at 19:58, Josh Manson (ANA) for Fighting (Major) at 19:58
2nd period
5. Anaheim Ducks , Max Domi 14 (Chandler Stephenson 24, Brayden Schenn 15) at 13:04 (PP)
6. Anaheim Ducks , Alex Killorn 17 (Chandler Stephenson 25) at 17:08 (PP)
Penalties :
K'Andre Miller (LAK) for Fighting (Major) at 4:22, Mark Scheifele (ANA) for Fighting (Major) at 4:22, K'Andre Miller (LAK) for Fighting (Major) at 10:49, Alex Killorn (ANA) for Fighting (Major) at 10:49, Trent Frederic (LAK) for High sticking (Minor) at 11:20, Ryan Reaves (LAK) for Fighting (Major) at 13:44, Josh Manson (ANA) for Fighting (Major) at 13:44, Cooper Marody (LAK) for Roughing (Minor) at 16:37, Ivan Provorov (ANA) for Tripping (Minor) at 18:21
3rd period
7. Los Angeles Kings , Andrei Kuzmenko 21 (Seth Jarvis 22, Andrei Svechnikov 29) at 2:19 (PP)
Penalties :
Alexander Romanov (LAK) for Fighting (Major) at 1:25, Brenden Dillon (ANA) for Fighting (Major) at 1:25, Brenden Dillon (ANA) for instigated a fight (Minor) at 1:25, Brenden Dillon (ANA) for instigated a fight (10 Minutes Misconduct) at 1:25, Joshua Brown (LAK) for Hooking (Minor) at 5:13, Josh Manson (ANA) for Hooking (Minor) at 13:15
Goalie Stats
James Reimer (ANA), 23 saves from 24 shots - (0.958), W, 9-5-4, 60:00 minutes
Jesper Wallstedt (LAK), 33 saves from 39 shots - (0.846), L, 0-1-0, 60:00 minutes
Players Stats for Anaheim Ducks
Player Name G A P +/- PIM S H SB GA TA FO MP PP MP PK MP
------------------------------------------------------------------------------------
Alex Killorn 1 1 2 0 5 6 0 0 0 0 1/2 17:09 1:54 3:05
Brayden Schenn 1 1 2 0 0 2 3 0 0 0 0/0 17:28 3:18 0:08
Brenden Dillon 0 0 0 1 17 0 1 4 0 1 0/0 13:09 0:00 1:22
Calle Jarnkrok 0 0 0 0 0 0 0 0 0 0 0/0 8:28 0:00 0:00
Chandler Stephenson 0 3 3 0 0 2 0 1 0 1 9/10 19:23 3:18 3:05
Esa Lindell 0 0 0 0 0 2 1 0 0 0 0/0 24:06 1:30 2:55
Ivan Provorov 0 0 0 0 2 0 0 0 0 1 0/0 18:10 0:00 1:53
J.T. Compher 0 2 2 2 0 4 4 0 0 0 0/0 12:48 0:00 1:39
John Tavares 0 1 1 1 0 4 0 0 2 1 24/34 20:12 3:11 0:00
Josh Manson 0 0 0 1 12 1 1 0 0 0 0/0 15:28 1:30 1:03
Joshua Morrissey 0 0 0 2 0 2 1 1 0 1 0/0 25:42 4:59 2:23
Mark Scheifele 0 0 0 1 5 0 2 1 0 0 2/4 18:37 3:11 0:00
Mason Marchment 0 0 0 0 0 2 3 0 0 0 0/0 8:28 0:00 0:00
Max Domi 2 0 2 2 0 5 3 0 2 0 1/1 11:53 1:24 0:08
Morgan Rielly 0 1 1 2 0 0 0 1 0 0 0/0 22:55 4:59 0:10
Nazem Kadri 0 1 1 0 0 0 2 0 1 0 0/1 8:28 0:00 0:00
Teuvo Teravainen 1 0 1 2 0 1 0 0 0 0 0/0 11:49 0:00 1:39
William Nylander 1 0 1 1 0 8 2 0 2 0 0/3 20:50 3:11 0:00
Players Stats for Los Angeles Kings
Player Name G A P +/- PIM S H SB GA TA FO MP PP MP PK MP
------------------------------------------------------------------------------------
Alexander Radulov 0 0 0 -1 0 3 1 0 0 0 3/20 20:58 2:18 3:09
Alexander Romanov 0 0 0 -1 10 0 0 2 1 1 0/0 15:59 2:05 2:32
Andrei Kuzmenko 1 0 1 -1 0 3 0 1 1 1 0/0 21:49 2:34 3:20
Andrei Svechnikov 0 1 1 0 0 2 2 0 2 0 1/5 19:59 2:34 3:20
Cole Perfetti 0 0 0 -1 0 0 2 0 1 1 1/5 14:08 2:18 0:00
Cooper Marody 0 0 0 -2 2 2 0 0 0 0 1/3 8:22 0:00 0:00
Jakub Zboril 0 0 0 -2 0 1 0 1 0 0 0/0 20:56 0:24 0:42
Joshua Brown 0 0 0 -2 4 3 0 2 0 1 0/0 18:29 0:40 0:00
K'Andre Miller 0 0 0 -1 10 2 3 3 0 0 0/0 19:25 2:21 2:23
Marco Rossi 0 0 0 -1 0 0 0 0 0 0 0/0 15:51 2:18 0:00
Nicklas Backstrom 0 0 0 0 0 0 0 0 0 0 0/0 0:00 0:00 0:00
Noah Dobson 0 0 0 0 0 2 1 0 0 1 0/0 24:47 2:07 4:22
Owen Power 0 0 0 0 0 1 1 3 0 1 0/0 23:40 2:07 3:19
Peyton Krebs 0 0 0 0 0 0 2 0 0 1 0/1 15:03 0:00 0:00
Ryan Reaves 0 0 0 -1 7 0 0 0 0 0 0/0 11:23 0:00 0:00
Seth Jarvis 0 1 1 0 0 1 1 0 0 0 11/20 19:47 2:34 3:09
Trent Frederic 0 0 0 0 2 3 1 0 0 0 1/1 15:02 0:00 0:00
Vitali Kravtsov 0 0 0 -2 0 1 1 0 0 0 0/0 8:03 0:00 0:00
3 Stars
1 - Max Domi (ANA)
2 - J.T. Compher (ANA)
3 - Brayden Schenn (ANA)
Power Play
Anaheim Ducks - 3 on 5 Attempt(s) - 60.00%
Los Angeles Kings - 1 on 3 Attempt(s) - 33.33%
Penalty Kill
Anaheim Ducks - 2 on 3 Attempt(s) - 66.67%
- Score 0 goal in Penalty Kill
Los Angeles Kings - 2 on 5 Attempt(s) - 40.00%
- Score 0 goal in Penalty Kill
Team Stat
Anaheim Ducks - Hits : 23 - Faceoff Wins : 37 - Blocked Shots : 8 - Penalty Minutes : 41
Los Angeles Kings - Hits : 15 - Faceoff Wins : 18 - Blocked Shots : 12 - Penalty Minutes : 35
Official
Referees : Gord Dwyer and Jean Hebert
Linesman : Don Henderson and Mike Cvik
Game Notes
Josh Manson beats up Alexander Romanov at 19:58 of 1st period
K'Andre Miller and Mark Scheifele fight to a draw at 4:22 of 2nd period
K'Andre Miller and Alex Killorn fight to a draw at 10:49 of 2nd period
Josh Manson beats up Ryan Reaves at 13:44 of 2nd period
Alexander Romanov beats up Brenden Dillon at 1:25 of 3rd period
Finance
Level 1 -- Attendance: 4663 (77.72%) -- Ticket Income $466,300
Level 2 -- Attendance: 3589 (71.78%) -- Ticket Income $215,340
Level 3 -- Attendance: 2371 (79.03%) -- Ticket Income $82,985
Level 4 -- Attendance: 3717 (74.34%) -- Ticket Income $92,925
Luxury Box -- Attendance: 767 (76.70%) -- Ticket Income $153,400
Game was played at the Staples Center.
Total Attendance: 15107 (75.54%)
Total Ticket Income: $1,010,950
Other Income: $353,832
Total Income: $1,364,782
Anaheim Ducks
5 vs 5 Forward
Center Left Wing Right Wing Time % Phy DF OF
1 John Tavares William Nylander Mark Scheifele 40 1 2 2
2 Chandler Stephenson Alex Killorn Brayden Schenn 30 1 2 2
3 Max Domi Teuvo Teravainen J.T. Compher 20 1 2 2
4 Nazem Kadri Calle Jarnkrok Mason Marchment 10 1 2 2
5 vs 5 Defense
Defense Defense Time % Phy DF OF
1 Morgan Rielly Joshua Morrissey 35 1 2 2
2 Ivan Provorov Esa Lindell 35 1 2 2
3 Brenden Dillon Josh Manson 30 1 2 2
4 Morgan Rielly Esa Lindell 0 1 2 2
PowerPlay Forward
Center Left Wing Right Wing Time % Phy DF OF
1 John Tavares William Nylander Mark Scheifele 60 1 1 3
2 Chandler Stephenson Alex Killorn Brayden Schenn 40 0 1 4
PowerPlay Defense
Defense Defense Time % Phy DF OF
1 Morgan Rielly Joshua Morrissey 60 1 2 2
2 Josh Manson Esa Lindell 40 1 2 2
Penalty Kill 4 Players Forward
Center Wing Time % Phy DF OF
1 Chandler Stephenson Alex Killorn 55 1 3 1
2 J.T. Compher Teuvo Teravainen 45 1 3 1
Penalty Kill 4 Players Defense
Defense Defense Time % Phy DF OF
1 Esa Lindell Ivan Provorov 50 1 3 1
2 Brenden Dillon Josh Manson 50 1 3 1
Penalty Kill - 3 Players Forward
Forward Time % Phy DF OF
1 Alex Killorn 50 1 3 1
2 Chandler Stephenson 50 1 3 1
Penalty Kill - 3 Players Defense
Defense Defense Time % Phy DF OF
1 Esa Lindell Ivan Provorov 50 1 3 1
2 Josh Manson Brenden Dillon 50 1 3 1
4 vs 4 Forward
Center Wing Time % Phy DF OF
1 John Tavares William Nylander 60 1 2 2
2 Chandler Stephenson Mark Scheifele 40 1 2 2
4 vs 4 Defense
Defense Defense Time % Phy DF OF
1 Esa Lindell Morgan Rielly 50 1 2 2
2 Ivan Provorov Brenden Dillon 50 1 2 2
Last Minutes Offensive
Center Left Wing Right Wing Defense Defense
John Tavares William Nylander Mark Scheifele Joshua Morrissey Morgan Rielly
Last Minutes Defensive
Center Left Wing Right Wing Defense Defense
Chandler Stephenson Alex Killorn J.T. Compher Ivan Provorov Esa Lindell
Goaltenders
Starting : James Reimer
Backup : Linus Ullmark
Extra Forwards
Normal : William Nylander, John Tavares, Mark Scheifele - PP : William Nylander, John Tavares - PK : Alex Killorn
Extra Defensemen
Normal : Esa Lindell, Morgan Rielly, Joshua Morrissey - PP : Morgan Rielly - PK : Esa Lindell, Ivan Provorov
Penalty Shots
Brenden Dillon, Teuvo Teravainen, Mark Scheifele, Calle Jarnkrok, Alex Killorn
Los Angeles Kings
5 vs 5 Forward
Center Left Wing Right Wing Time % Phy DF OF
1 Seth Jarvis Andrei Svechnikov Andrei Kuzmenko 30 1 2 2
2 Alexander Radulov Trent Frederic Peyton Krebs 30 1 2 2
3 Cole Perfetti Ryan Reaves Marco Rossi 25 1 2 2
4 Cooper Marody Vitali Kravtsov Jakub Zboril 15 1 2 2
5 vs 5 Defense
Defense Defense Time % Phy DF OF
1 K'Andre Miller Alexander Romanov 35 1 2 2
2 Noah Dobson Owen Power 35 1 2 2
3 Joshua Brown Jakub Zboril 30 1 2 2
4 K'Andre Miller Alexander Romanov 0 1 2 2
PowerPlay Forward
Center Left Wing Right Wing Time % Phy DF OF
1 Seth Jarvis Andrei Svechnikov Andrei Kuzmenko 50 1 2 2
2 Alexander Radulov Cole Perfetti Marco Rossi 50 1 2 2
PowerPlay Defense
Defense Defense Time % Phy DF OF
1 K'Andre Miller Alexander Romanov 50 1 2 2
2 Noah Dobson Owen Power 50 1 2 2
Penalty Kill 4 Players Forward
Center Wing Time % Phy DF OF
1 Andrei Svechnikov Andrei Kuzmenko 50 1 2 2
2 Alexander Radulov Seth Jarvis 50 1 2 2
Penalty Kill 4 Players Defense
Defense Defense Time % Phy DF OF
1 K'Andre Miller Alexander Romanov 50 1 2 2
2 Noah Dobson Owen Power 50 1 2 2
Penalty Kill - 3 Players Forward
Forward Time % Phy DF OF
1 Andrei Svechnikov 50 1 2 2
2 Andrei Kuzmenko 50 1 2 2
Penalty Kill - 3 Players Defense
Defense Defense Time % Phy DF OF
1 K'Andre Miller Alexander Romanov 50 1 2 2
2 Noah Dobson Owen Power 50 1 2 2
4 vs 4 Forward
Center Wing Time % Phy DF OF
1 Andrei Svechnikov Andrei Kuzmenko 50 1 2 2
2 Alexander Radulov Seth Jarvis 50 1 2 2
4 vs 4 Defense
Defense Defense Time % Phy DF OF
1 K'Andre Miller Alexander Romanov 50 1 2 2
2 Noah Dobson Owen Power 50 1 2 2
Last Minutes Offensive
Center Left Wing Right Wing Defense Defense
Seth Jarvis Andrei Svechnikov Andrei Kuzmenko K'Andre Miller Alexander Romanov
Last Minutes Defensive
Center Left Wing Right Wing Defense Defense
Seth Jarvis Andrei Svechnikov Andrei Kuzmenko K'Andre Miller Alexander Romanov
Goaltenders
Starting : Jesper Wallstedt
Backup : John Gibson
Extra Forwards
Normal : Marco Rossi, Alexander Radulov, Cole Perfetti - PP : Marco Rossi, Alexander Radulov - PK : Cole Perfetti
Extra Defensemen
Normal : Joshua Brown, K'Andre Miller, Noah Dobson - PP : Joshua Brown - PK : Alexander Romanov, Noah Dobson
Penalty Shots
Andrei Svechnikov, Andrei Kuzmenko, Cole Perfetti, Seth Jarvis, Alexander Radulov
% Time on Ice - Anaheim Ducks
Lines # - Real PCT - Wanted PCT - Time Play
Normal Forward
1 - 36% - 40% - 17:27
2 - 26% - 30% - 12:34
3 - 21% - 20% - 10:10
4 - 17% - 10% - 8:28
Normal Defense
1 - 32% - 35% - 15:48
2 - 36% - 35% - 17:22
3 - 30% - 30% - 14:26
4 - 2% - 0% - 1:03
PP Forward
1 - 49% - 60% - 3:11
2 - 51% - 40% - 3:18
PP Defense
1 - 77% - 60% - 4:59
2 - 23% - 40% - 1:30
PK Forward
1 - 66% - 55% - 3:13
2 - 34% - 45% - 1:39
PK Defense
1 - 30% - 50% - 1:28
2 - 70% - 50% - 3:24
PK3 Forward
1 - 0% - 50%
2 - 0% - 50%
PK3 Defense
1 - 0% - 50%
2 - 0% - 50%
44 Forward
1 - 0% - 60%
2 - 0% - 40%
44 Defense
1 - 0% - 50%
2 - 0% - 50%
Last Minute Offensive - 0:00
Last Minute Defensive - 0:00
Total
Forward - 60:00
Defense - 60:00
|
% Time on Ice - Los Angeles Kings
Lines # - Real PCT - Wanted PCT - Time Play
Normal Forward
1 - 29% - 30% - 14:05
2 - 31% - 30% - 15:03
3 - 24% - 25% - 11:28
4 - 17% - 15% - 8:03
Normal Defense
1 - 32% - 35% - 15:48
2 - 35% - 35% - 16:56
3 - 30% - 30% - 14:44
4 - 2% - 0% - 1:11
PP Forward
1 - 53% - 50% - 2:34
2 - 47% - 50% - 2:18
PP Defense
1 - 48% - 50% - 2:21
2 - 52% - 50% - 2:31
PK Forward
1 - 51% - 50% - 3:20
2 - 49% - 50% - 3:09
PK Defense
1 - 57% - 50% - 3:43
2 - 43% - 50% - 2:46
PK3 Forward
1 - 0% - 50%
2 - 0% - 50%
PK3 Defense
1 - 0% - 50%
2 - 0% - 50%
44 Forward
1 - 0% - 50%
2 - 0% - 50%
44 Defense
1 - 0% - 50%
2 - 0% - 50%
Last Minute Offensive - 0:00
Last Minute Defensive - 0:00
Total
Forward - 60:00
Defense - 60:00
|
Play-by-Play
1st period
0:01 of 1st period - John Tavares wins face-off versus Seth Jarvis in neutral zone.
0:08 of 1st period - Wrist shot by Mark Scheifele.
0:08 of 1st period - Shot Misses the Net.
0:10 of 1st period - Snap shot by John Tavares.
0:10 of 1st period - Stopped by Jesper Wallstedt with a rebound.
1:18 of 1st period - Wrist shot by Cooper Marody.
1:18 of 1st period - Shot Blocked by Brenden Dillon.
1:31 of 1st period - Off-side.
1:32 of 1st period - John Tavares wins face-off versus Andrei Svechnikov in neutral zone.
3:16 of 1st period - Cole Perfetti is hit by Brayden Schenn and loses puck.
3:55 of 1st period - Wrist shot by Nazem Kadri.
3:55 of 1st period - Shot Blocked by Jakub Zboril.
4:23 of 1st period - Wrist shot by Alexander Radulov.
4:23 of 1st period - Stopped by James Reimer with a rebound.
6:19 of 1st period - Josh Manson is hit by Andrei Svechnikov.
6:55 of 1st period - Backhand shot by Brayden Schenn.
6:55 of 1st period - Shot Misses the Net.
6:57 of 1st period - Backhand shot by Josh Manson.
6:57 of 1st period - Deflect By Alex Killorn.
6:57 of 1st period - Shot Misses the Net.
6:57 of 1st period - Puck is out of play.
6:58 of 1st period - Chandler Stephenson wins face-off versus Cole Perfetti in Los Angeles Kings zone.
7:01 of 1st period - Snap shot by Chandler Stephenson.
7:01 of 1st period - Shot Misses the Net.
7:07 of 1st period - Brayden Schenn is hit by Cole Perfetti and loses puck.
7:22 of 1st period - Alex Killorn is hit by Peyton Krebs and loses puck.
7:53 of 1st period - Slapshot by Mark Scheifele.
7:53 of 1st period - Shot Misses the Net.
7:58 of 1st period - Icing by Andrei Kuzmenko.
7:59 of 1st period - Max Domi wins face-off versus Seth Jarvis in Los Angeles Kings zone.
8:10 of 1st period - Brenden Dillon is hit by K'Andre Miller and loses puck.
8:21 of 1st period - Wrist shot by Andrei Kuzmenko.
8:21 of 1st period - Shot Blocked by Mark Scheifele.
8:33 of 1st period - Wrist shot by Andrei Svechnikov.
8:33 of 1st period - Shot Misses the Net.
8:51 of 1st period - Snap shot by Peyton Krebs.
8:51 of 1st period - Deflect By Trent Frederic.
8:51 of 1st period - Stopped by James Reimer with a rebound.
9:19 of 1st period - Slapshot by J.T. Compher.
9:19 of 1st period - Stopped by Jesper Wallstedt with a rebound.
9:21 of 1st period - Slapshot by J.T. Compher.
9:21 of 1st period - Deflect By Max Domi.
9:21 of 1st period - Stopped by Jesper Wallstedt without a rebound.
9:22 of 1st period - John Tavares wins face-off versus Alexander Radulov in Los Angeles Kings zone.
9:29 of 1st period - Snap shot by William Nylander.
9:29 of 1st period - Stopped by Jesper Wallstedt with a rebound.
9:31 of 1st period - Snap shot by Mark Scheifele.
9:31 of 1st period - Shot Blocked by Owen Power.
9:33 of 1st period - Slapshot by Ivan Provorov.
9:33 of 1st period - Shot Misses the Net.
9:35 of 1st period - Snap shot by John Tavares.
9:35 of 1st period - Shot Misses the Net.
9:37 of 1st period - Slapshot by Esa Lindell.
9:37 of 1st period - Deflect By Owen Power.
9:37 of 1st period - Stopped by Jesper Wallstedt with a rebound.
9:39 of 1st period - Backhand shot by Ivan Provorov.
9:39 of 1st period - Shot Misses the Net.
9:59 of 1st period - Snap shot by Noah Dobson.
9:59 of 1st period - Stopped by James Reimer without a rebound.
10:00 of 1st period - John Tavares wins face-off versus Cole Perfetti in Anaheim Ducks zone.
10:09 of 1st period - Snap shot by William Nylander.
10:09 of 1st period - Shot Blocked by Joshua Brown.
10:30 of 1st period - Slapshot by Noah Dobson.
10:30 of 1st period - Stopped by James Reimer with a rebound.
10:32 of 1st period - Snap shot by Peyton Krebs.
10:32 of 1st period - Shot Blocked by Brenden Dillon.
10:51 of 1st period - Snap shot by Teuvo Teravainen.
10:51 of 1st period - Shot Blocked by Andrei Kuzmenko.
11:31 of 1st period - Slapshot by Teuvo Teravainen.
11:31 of 1st period - Shot Misses the Net.
11:37 of 1st period - Snap shot by J.T. Compher.
11:37 of 1st period - Shot Blocked by K'Andre Miller.
11:39 of 1st period - Snap shot by Max Domi.
11:39 of 1st period - Shot Misses the Net.
11:43 of 1st period - Wrist shot by Max Domi.
11:43 of 1st period - Deflect By J.T. Compher.
11:43 of 1st period - Stopped by Jesper Wallstedt with a rebound.
11:45 of 1st period - Snap shot by Max Domi.
11:45 of 1st period - Stopped by Jesper Wallstedt with a rebound.
11:47 of 1st period - Slapshot by Joshua Morrissey.
11:47 of 1st period - Shot Misses the Net.
11:49 of 1st period - Wrist shot by J.T. Compher.
11:49 of 1st period - Shot Misses the Net.
11:59 of 1st period - Slapshot by Teuvo Teravainen.
11:59 of 1st period - Shot Misses the Net.
12:01 of 1st period - Wrist shot by J.T. Compher.
12:01 of 1st period - Stopped by Jesper Wallstedt with a rebound.
12:07 of 1st period - Wrist shot by Max Domi.
12:07 of 1st period - Shot Blocked by Alexander Romanov.
12:09 of 1st period - Wrist shot by Max Domi.
12:09 of 1st period - Goal by Max Domi - Anaheim Ducks : 1 - Los Angeles Kings : 0.
12:10 of 1st period - John Tavares wins face-off versus Cooper Marody in neutral zone.
12:19 of 1st period - Snap shot by William Nylander.
12:19 of 1st period - Goal by William Nylander - Anaheim Ducks : 2 - Los Angeles Kings : 0.
12:20 of 1st period - John Tavares wins face-off versus Alexander Radulov in neutral zone.
12:22 of 1st period - Minor Penalty to Joshua Brown for Hooking.
12:23 of 1st period - John Tavares wins face-off versus Andrei Svechnikov in Los Angeles Kings zone.
12:56 of 1st period - Snap shot by Brayden Schenn.
12:56 of 1st period - Shot Blocked by K'Andre Miller.
12:58 of 1st period - Slapshot by Josh Manson.
12:58 of 1st period - Deflect By Alexander Radulov.
12:58 of 1st period - Stopped by Jesper Wallstedt with a rebound.
13:00 of 1st period - Snap shot by Esa Lindell.
13:00 of 1st period - Shot Blocked by Alexander Romanov.
14:22 of 1st period - Penalty to Joshua Brown is over, Joshua Brown is back on ice.
14:57 of 1st period - Snap shot by Teuvo Teravainen.
14:57 of 1st period - Goal by Teuvo Teravainen - Anaheim Ducks : 3 - Los Angeles Kings : 0.
14:58 of 1st period - Cooper Marody wins face-off versus John Tavares in neutral zone.
15:07 of 1st period - Snap shot by Vitali Kravtsov.
15:07 of 1st period - Shot Misses the Net.
15:56 of 1st period - Snap shot by Alex Killorn.
15:56 of 1st period - Shot Misses the Net.
16:28 of 1st period - Owen Power is hit by Max Domi and loses puck.
16:54 of 1st period - Slapshot by Nazem Kadri.
16:54 of 1st period - Shot Misses the Net.
17:18 of 1st period - Slapshot by Alex Killorn.
17:18 of 1st period - Stopped by Jesper Wallstedt with a rebound.
17:40 of 1st period - Snap shot by Mark Scheifele.
17:40 of 1st period - Shot Hit the Post.
17:42 of 1st period - Wrist shot by William Nylander.
17:42 of 1st period - Stopped by Jesper Wallstedt with a rebound.
18:00 of 1st period - Minor Penalty to Ryan Reaves for High sticking.
18:01 of 1st period - Chandler Stephenson wins face-off versus Andrei Svechnikov in Los Angeles Kings zone.
18:16 of 1st period - Snap shot by Brayden Schenn.
18:16 of 1st period - Goal by Brayden Schenn - Anaheim Ducks : 4 - Los Angeles Kings : 0.
18:17 of 1st period - Trent Frederic wins face-off versus William Nylander in neutral zone.
18:24 of 1st period - Snap shot by Peyton Krebs.
18:24 of 1st period - Shot Misses the Net.
19:54 of 1st period - Snap shot by Brayden Schenn.
19:54 of 1st period - Stopped by Jesper Wallstedt with a rebound.
19:56 of 1st period - Snap shot by Chandler Stephenson.
19:56 of 1st period - Stopped by Jesper Wallstedt without a rebound.
19:57 of 1st period - Alexander Radulov wins face-off versus William Nylander in Los Angeles Kings zone.
19:57 of 1st period - Alexander Radulov is hit by Mark Scheifele.
19:58 of 1st period - Josh Manson beats up Alexander Romanov.
19:58 of 1st period - Penalty to Alexander Romanov for Fighting.
19:58 of 1st period - Penalty to Josh Manson for Fighting.
19:59 of 1st period - John Tavares wins face-off versus Alexander Radulov in Los Angeles Kings zone.
Goals for this period are 4 for Anaheim Ducks vs 0 for Los Angeles Kings.
Shots for this period are 17 for Anaheim Ducks vs 4 for Los Angeles Kings.
2nd period
0:01 of 2nd period - John Tavares wins face-off versus Alexander Radulov in neutral zone.
0:13 of 2nd period - Wrist shot by Trent Frederic.
0:13 of 2nd period - Stopped by James Reimer without a rebound.
0:14 of 2nd period - John Tavares wins face-off versus Seth Jarvis in Anaheim Ducks zone.
0:27 of 2nd period - Wrist shot by Andrei Kuzmenko.
0:27 of 2nd period - Stopped by James Reimer with a rebound.
0:29 of 2nd period - Slapshot by Joshua Brown.
0:29 of 2nd period - Stopped by James Reimer with a rebound.
0:46 of 2nd period - Snap shot by Chandler Stephenson.
0:46 of 2nd period - Stopped by Jesper Wallstedt with a rebound.
0:48 of 2nd period - Wrist shot by Alex Killorn.
0:48 of 2nd period - Stopped by Jesper Wallstedt with a rebound.
0:50 of 2nd period - Slapshot by Alex Killorn.
0:50 of 2nd period - Stopped by Jesper Wallstedt with a rebound.
1:52 of 2nd period - Seth Jarvis is hit by Mason Marchment and loses puck.
2:07 of 2nd period - Slapshot by Chandler Stephenson.
2:07 of 2nd period - Shot Misses the Net.
2:27 of 2nd period - Joshua Brown is hit by J.T. Compher.
2:31 of 2nd period - Snap shot by Max Domi.
2:31 of 2nd period - Shot Blocked by K'Andre Miller.
2:56 of 2nd period - William Nylander is hit by Alexander Radulov and loses puck.
3:17 of 2nd period - Joshua Morrissey is hit by K'Andre Miller and loses puck.
3:32 of 2nd period - Alex Killorn is hit by Peyton Krebs and loses puck.
4:05 of 2nd period - Wrist shot by William Nylander.
4:05 of 2nd period - Stopped by Jesper Wallstedt without a rebound.
4:06 of 2nd period - Cole Perfetti wins face-off versus John Tavares in Los Angeles Kings zone.
4:15 of 2nd period - Slapshot by K'Andre Miller.
4:15 of 2nd period - Stopped by James Reimer without a rebound.
4:16 of 2nd period - John Tavares wins face-off versus Alexander Radulov in Anaheim Ducks zone.
4:21 of 2nd period - Snap shot by John Tavares.
4:21 of 2nd period - Shot Blocked by Joshua Brown.
4:22 of 2nd period - K'Andre Miller and Mark Scheifele fight to a draw.
4:22 of 2nd period - Penalty to K'Andre Miller for Fighting.
4:22 of 2nd period - Penalty to Mark Scheifele for Fighting.
4:23 of 2nd period - John Tavares wins face-off versus Alexander Radulov in Los Angeles Kings zone.
5:10 of 2nd period - Snap shot by Mason Marchment.
5:10 of 2nd period - Stopped by Jesper Wallstedt with a rebound.
5:54 of 2nd period - Wrist shot by Andrei Kuzmenko.
5:54 of 2nd period - Deflect By Seth Jarvis.
5:54 of 2nd period - Shot Misses the Net.
5:54 of 2nd period - Puck is out of play.
5:55 of 2nd period - Seth Jarvis wins face-off versus John Tavares in Anaheim Ducks zone.
6:00 of 2nd period - Wrist shot by Andrei Svechnikov.
6:00 of 2nd period - Shot Misses the Net.
6:03 of 2nd period - Icing by Brayden Schenn.
6:04 of 2nd period - John Tavares wins face-off versus Alexander Radulov in Anaheim Ducks zone.
6:50 of 2nd period - Marco Rossi is hit by Mason Marchment and loses puck.
7:14 of 2nd period - Wrist shot by William Nylander.
7:14 of 2nd period - Stopped by Jesper Wallstedt with a rebound.
7:30 of 2nd period - Owen Power is hit by Josh Manson and loses puck.
8:11 of 2nd period - Snap shot by Mason Marchment.
8:11 of 2nd period - Stopped by Jesper Wallstedt with a rebound.
8:28 of 2nd period - Slapshot by Jakub Zboril.
8:28 of 2nd period - Shot Blocked by Brenden Dillon.
9:21 of 2nd period - Slapshot by Marco Rossi.
9:21 of 2nd period - Shot Misses the Net.
9:23 of 2nd period - Snap shot by Jakub Zboril.
9:23 of 2nd period - Stopped by James Reimer without a rebound.
9:24 of 2nd period - Seth Jarvis wins face-off versus William Nylander in Anaheim Ducks zone.
9:35 of 2nd period - Snap shot by John Tavares.
9:35 of 2nd period - Stopped by Jesper Wallstedt with a rebound.
9:55 of 2nd period - Snap shot by Brayden Schenn.
9:55 of 2nd period - Shot Blocked by Owen Power.
9:57 of 2nd period - Slapshot by Josh Manson.
9:57 of 2nd period - Shot Blocked by Owen Power.
10:15 of 2nd period - Snap shot by Cooper Marody.
10:15 of 2nd period - Shot Misses the Net.
10:17 of 2nd period - Wrist shot by Cooper Marody.
10:17 of 2nd period - Stopped by James Reimer without a rebound.
10:18 of 2nd period - John Tavares wins face-off versus Cooper Marody in Anaheim Ducks zone.
10:22 of 2nd period - Off-side.
10:23 of 2nd period - Seth Jarvis wins face-off versus Mark Scheifele in neutral zone.
10:48 of 2nd period - Wrist shot by Peyton Krebs.
10:48 of 2nd period - Deflect By Trent Frederic.
10:48 of 2nd period - Shot Misses the Net.
10:48 of 2nd period - Puck is out of play.
10:49 of 2nd period - Chandler Stephenson wins face-off versus Alexander Radulov in Anaheim Ducks zone.
10:49 of 2nd period - K'Andre Miller and Alex Killorn fight to a draw.
10:49 of 2nd period - Penalty to K'Andre Miller for Fighting.
10:49 of 2nd period - Penalty to Alex Killorn for Fighting.
10:50 of 2nd period - John Tavares wins face-off versus Peyton Krebs in Anaheim Ducks zone.
10:50 of 2nd period - John Tavares is hit by Trent Frederic.
11:03 of 2nd period - Slapshot by Joshua Brown.
11:03 of 2nd period - Deflect By Alexander Radulov.
11:03 of 2nd period - Stopped by James Reimer without a rebound.
11:04 of 2nd period - Seth Jarvis wins face-off versus John Tavares in Anaheim Ducks zone.
11:07 of 2nd period - Backhand shot by Andrei Svechnikov.
11:07 of 2nd period - Shot Misses the Net.
11:15 of 2nd period - Slapshot by Esa Lindell.
11:15 of 2nd period - Stopped by Jesper Wallstedt without a rebound.
11:16 of 2nd period - John Tavares wins face-off versus Alexander Radulov in Los Angeles Kings zone.
11:17 of 2nd period - Slapshot by William Nylander.
11:17 of 2nd period - Stopped by Jesper Wallstedt without a rebound.
11:18 of 2nd period - Alexander Radulov wins face-off versus John Tavares in Los Angeles Kings zone.
11:20 of 2nd period - Minor Penalty to Trent Frederic for High sticking.
11:21 of 2nd period - Mark Scheifele wins face-off versus Alexander Radulov in Los Angeles Kings zone.
12:07 of 2nd period - Alexander Radulov is hit by Brayden Schenn and loses puck.
13:04 of 2nd period - Snap shot by Chandler Stephenson.
13:04 of 2nd period - Deflect By Max Domi.
13:04 of 2nd period - Goal by Max Domi - Anaheim Ducks : 5 - Los Angeles Kings : 0.
13:05 of 2nd period - John Tavares wins face-off versus Alexander Radulov in neutral zone.
13:36 of 2nd period - Snap shot by Ryan Reaves.
13:36 of 2nd period - Shot Misses the Net.
13:44 of 2nd period - Josh Manson beats up Ryan Reaves.
13:44 of 2nd period - Penalty to Ryan Reaves for Fighting.
13:44 of 2nd period - Penalty to Josh Manson for Fighting.
13:45 of 2nd period - Seth Jarvis wins face-off versus John Tavares in neutral zone.
13:52 of 2nd period - Snap shot by Andrei Svechnikov.
13:52 of 2nd period - Shot Blocked by Morgan Rielly.
14:00 of 2nd period - Owen Power is hit by Mark Scheifele and loses puck.
14:13 of 2nd period - Wrist shot by Trent Frederic.
14:13 of 2nd period - Stopped by James Reimer with a rebound.
14:15 of 2nd period - Slapshot by Owen Power.
14:15 of 2nd period - Deflect By Alexander Radulov.
14:15 of 2nd period - Stopped by James Reimer without a rebound.
14:16 of 2nd period - Chandler Stephenson wins face-off versus Alexander Radulov in Anaheim Ducks zone.
15:05 of 2nd period - Backhand shot by Andrei Kuzmenko.
15:05 of 2nd period - Shot Blocked by Joshua Morrissey.
15:48 of 2nd period - Peyton Krebs is hit by Max Domi.
16:37 of 2nd period - Minor Penalty to Cooper Marody for Roughing.
16:38 of 2nd period - Alexander Radulov wins face-off versus John Tavares in Los Angeles Kings zone.
17:08 of 2nd period - Slapshot by Alex Killorn.
17:08 of 2nd period - Goal by Alex Killorn - Anaheim Ducks : 6 - Los Angeles Kings : 0.
17:09 of 2nd period - Seth Jarvis wins face-off versus John Tavares in neutral zone.
18:21 of 2nd period - Minor Penalty to Ivan Provorov for Tripping.
18:22 of 2nd period - Chandler Stephenson wins face-off versus Seth Jarvis in Anaheim Ducks zone.
18:37 of 2nd period - Joshua Morrissey is hit by K'Andre Miller and loses puck.
18:44 of 2nd period - Penalty to Josh Manson is over, Josh Manson is back on ice.
18:58 of 2nd period - Snap shot by Cole Perfetti.
18:58 of 2nd period - Shot Misses the Net.
19:48 of 2nd period - Cole Perfetti is hit by Esa Lindell.
Goals for this period are 2 for Anaheim Ducks vs 0 for Los Angeles Kings.
Shots for this period are 12 for Anaheim Ducks vs 9 for Los Angeles Kings.
3rd period
0:01 of 3rd period - Chandler Stephenson wins face-off versus Alexander Radulov in neutral zone.
0:08 of 3rd period - Snap shot by Cole Perfetti.
0:08 of 3rd period - Shot Misses the Net.
0:10 of 3rd period - Slapshot by Marco Rossi.
0:10 of 3rd period - Shot Misses the Net.
0:12 of 3rd period - Slapshot by Noah Dobson.
0:12 of 3rd period - Shot Blocked by Brenden Dillon.
0:14 of 3rd period - Snap shot by Marco Rossi.
0:14 of 3rd period - Deflect By Cole Perfetti.
0:14 of 3rd period - Shot Misses the Net.
0:14 of 3rd period - Puck is out of play.
0:15 of 3rd period - Chandler Stephenson wins face-off versus Seth Jarvis in Anaheim Ducks zone.
0:21 of 3rd period - Penalty to Ivan Provorov is over, Ivan Provorov is back on ice.
0:21 of 3rd period - Icing by Owen Power.
0:22 of 3rd period - Seth Jarvis wins face-off versus Mark Scheifele in Los Angeles Kings zone.
0:29 of 3rd period - Backhand shot by Andrei Svechnikov.
0:29 of 3rd period - Stopped by James Reimer without a rebound.
0:30 of 3rd period - John Tavares wins face-off versus Seth Jarvis in Anaheim Ducks zone.
0:35 of 3rd period - Andrei Svechnikov is hit by William Nylander and loses puck.
1:07 of 3rd period - Slapshot by Brayden Schenn.
1:07 of 3rd period - Shot Misses the Net.
1:09 of 3rd period - Wrist shot by Chandler Stephenson.
1:09 of 3rd period - Deflect By Alex Killorn.
1:09 of 3rd period - Deflect By Alexander Radulov.
1:09 of 3rd period - Stopped by Jesper Wallstedt without a rebound.
1:10 of 3rd period - Seth Jarvis wins face-off versus John Tavares in Los Angeles Kings zone.
1:15 of 3rd period - Andrei Kuzmenko is hit by William Nylander and loses puck.
1:25 of 3rd period - Alexander Romanov beats up Brenden Dillon.
1:25 of 3rd period - Penalty to Alexander Romanov for Fighting.
1:25 of 3rd period - Penalty to Brenden Dillon for Fighting.
1:25 of 3rd period - Penalty to Brenden Dillon for instigated a fight.
1:25 of 3rd period - Penalty to Brenden Dillon for instigated a fight.
1:26 of 3rd period - Seth Jarvis wins face-off versus Alex Killorn in neutral zone.
1:35 of 3rd period - Backhand shot by Seth Jarvis.
1:35 of 3rd period - Shot Misses the Net.
1:37 of 3rd period - Backhand shot by K'Andre Miller.
1:37 of 3rd period - Stopped by James Reimer with a rebound.
1:39 of 3rd period - Slapshot by Joshua Brown.
1:39 of 3rd period - Stopped by James Reimer with a rebound.
1:41 of 3rd period - Slapshot by Joshua Brown.
1:41 of 3rd period - Stopped by James Reimer without a rebound.
1:42 of 3rd period - Alex Killorn wins face-off versus Alexander Radulov in Anaheim Ducks zone.
2:15 of 3rd period - Snap shot by Andrei Svechnikov.
2:15 of 3rd period - Shot Misses the Net.
2:17 of 3rd period - Wrist shot by Seth Jarvis.
2:17 of 3rd period - Stopped by James Reimer with a rebound.
2:19 of 3rd period - Snap shot by Seth Jarvis.
2:19 of 3rd period - Deflect By Andrei Kuzmenko.
2:19 of 3rd period - Goal by Andrei Kuzmenko - Anaheim Ducks : 6 - Los Angeles Kings : 1.
2:20 of 3rd period - John Tavares wins face-off versus Alexander Radulov in neutral zone.
3:01 of 3rd period - Esa Lindell is hit by Seth Jarvis.
3:20 of 3rd period - Off-side.
3:21 of 3rd period - John Tavares wins face-off versus Alexander Radulov in neutral zone.
3:32 of 3rd period - Snap shot by John Tavares.
3:32 of 3rd period - Stopped by Jesper Wallstedt with a rebound.
3:54 of 3rd period - Snap shot by J.T. Compher.
3:54 of 3rd period - Stopped by Jesper Wallstedt with a rebound.
3:56 of 3rd period - Snap shot by Max Domi.
3:56 of 3rd period - Stopped by Jesper Wallstedt with a rebound.
4:16 of 3rd period - Slapshot by Nazem Kadri.
4:16 of 3rd period - Shot Misses the Net.
4:45 of 3rd period - Snap shot by Andrei Svechnikov.
4:45 of 3rd period - Stopped by James Reimer without a rebound.
4:46 of 3rd period - John Tavares wins face-off versus Seth Jarvis in Anaheim Ducks zone.
4:56 of 3rd period - Slapshot by John Tavares.
4:56 of 3rd period - Stopped by Jesper Wallstedt without a rebound.
4:57 of 3rd period - John Tavares wins face-off versus Seth Jarvis in Los Angeles Kings zone.
5:01 of 3rd period - Icing by Joshua Brown.
5:02 of 3rd period - Seth Jarvis wins face-off versus John Tavares in Los Angeles Kings zone.
5:13 of 3rd period - Minor Penalty to Joshua Brown for Hooking.
5:14 of 3rd period - Mark Scheifele wins face-off versus Alexander Radulov in Los Angeles Kings zone.
5:46 of 3rd period - Wrist shot by William Nylander.
5:46 of 3rd period - Stopped by Jesper Wallstedt with a rebound.
6:02 of 3rd period - Wrist shot by William Nylander.
6:02 of 3rd period - Stopped by Jesper Wallstedt with a rebound.
6:04 of 3rd period - Slapshot by Joshua Morrissey.
6:04 of 3rd period - Stopped by Jesper Wallstedt with a rebound.
6:06 of 3rd period - Slapshot by Morgan Rielly.
6:06 of 3rd period - Shot Misses the Net.
6:25 of 3rd period - Penalty to Alexander Romanov is over, Alexander Romanov is back on ice.
6:42 of 3rd period - Wrist shot by Mark Scheifele.
6:42 of 3rd period - Shot Misses the Net.
6:44 of 3rd period - Wrist shot by Joshua Morrissey.
6:44 of 3rd period - Stopped by Jesper Wallstedt without a rebound.
6:45 of 3rd period - Andrei Svechnikov wins face-off versus Chandler Stephenson in Los Angeles Kings zone.
7:02 of 3rd period - Wrist shot by Chandler Stephenson.
7:02 of 3rd period - Deflect By Alex Killorn.
7:02 of 3rd period - Shot Misses the Net.
7:02 of 3rd period - Puck is out of play.
7:03 of 3rd period - Chandler Stephenson wins face-off versus Andrei Svechnikov in Los Angeles Kings zone.
7:06 of 3rd period - Snap shot by Alex Killorn.
7:06 of 3rd period - Stopped by Jesper Wallstedt with a rebound.
7:13 of 3rd period - Penalty to Joshua Brown is over, Joshua Brown is back on ice.
9:05 of 3rd period - Snap shot by Vitali Kravtsov.
9:05 of 3rd period - Stopped by James Reimer without a rebound.
9:06 of 3rd period - John Tavares wins face-off versus Seth Jarvis in Anaheim Ducks zone.
9:06 of 3rd period - John Tavares is hit by Noah Dobson.
9:37 of 3rd period - Slapshot by Peyton Krebs.
9:37 of 3rd period - Shot Hit the Post.
9:43 of 3rd period - Alexander Radulov is hit by Max Domi.
9:59 of 3rd period - Seth Jarvis is hit by Nazem Kadri and loses puck.
10:06 of 3rd period - Nazem Kadri is hit by Andrei Svechnikov.
10:46 of 3rd period - Owen Power is hit by Nazem Kadri and loses puck.
10:58 of 3rd period - Icing by J.T. Compher.
10:59 of 3rd period - Seth Jarvis wins face-off versus Nazem Kadri in Anaheim Ducks zone.
11:04 of 3rd period - Wrist shot by Andrei Kuzmenko.
11:04 of 3rd period - Stopped by James Reimer with a rebound.
11:09 of 3rd period - Off-side.
11:10 of 3rd period - John Tavares wins face-off versus Cole Perfetti in neutral zone.
11:37 of 3rd period - Peyton Krebs is hit by J.T. Compher and loses puck.
12:40 of 3rd period - Slapshot by Owen Power.
12:40 of 3rd period - Stopped by James Reimer with a rebound.
12:46 of 3rd period - Owen Power is hit by J.T. Compher and loses puck.
13:01 of 3rd period - Slapshot by Noah Dobson.
13:01 of 3rd period - Shot Blocked by Chandler Stephenson.
13:03 of 3rd period - Wrist shot by Cole Perfetti.
13:03 of 3rd period - Shot Misses the Net.
13:15 of 3rd period - Minor Penalty to Josh Manson for Hooking.
13:16 of 3rd period - Chandler Stephenson wins face-off versus Cole Perfetti in Anaheim Ducks zone.
15:15 of 3rd period - Penalty to Josh Manson is over, Josh Manson is back on ice.
15:22 of 3rd period - Ivan Provorov is hit by Vitali Kravtsov and loses puck.
15:27 of 3rd period - Wrist shot by Cooper Marody.
15:27 of 3rd period - Stopped by James Reimer with a rebound.
15:29 of 3rd period - Slapshot by K'Andre Miller.
15:29 of 3rd period - Shot Misses the Net.
15:31 of 3rd period - Snap shot by Ryan Reaves.
15:31 of 3rd period - Shot Misses the Net.
16:15 of 3rd period - Esa Lindell is hit by Owen Power and loses puck.
16:25 of 3rd period - 10 Minutes Misconduct Penalty to Brenden Dillon is over.
16:26 of 3rd period - Trent Frederic is hit by Mason Marchment and loses puck.
16:49 of 3rd period - Marco Rossi is hit by J.T. Compher.
18:03 of 3rd period - Alexander Romanov is hit by Brayden Schenn and loses puck.
18:34 of 3rd period - Nazem Kadri is hit by Cole Perfetti and loses puck.
18:47 of 3rd period - Slapshot by Max Domi.
18:47 of 3rd period - Shot Misses the Net.
18:49 of 3rd period - Snap shot by Teuvo Teravainen.
18:49 of 3rd period - Shot Misses the Net.
18:59 of 3rd period - Trent Frederic is hit by Joshua Morrissey and loses puck.
19:39 of 3rd period - Noah Dobson is hit by Brenden Dillon and loses puck.
Goals for this period are 0 for Anaheim Ducks vs 1 for Los Angeles Kings.
Shots for this period are 10 for Anaheim Ducks vs 11 for Los Angeles Kings.
Back to the Top